 Dungeon Crawl Stone Soup version 0.30.1-4-g462c640d31 (webtiles) character file.

Game seed: 9295581900041970194

117 croobank the Trooper (level 4, 0/37 HPs)
             Began as a Demonspawn Fighter on Sept 6, 2023.
             Blown up by a gnoll (15 damage)
             ... with a mindburst bolt
             ... on level 3 of the Dungeon.
             The game lasted 00:04:11 (2261 turns).

croobank the Trooper (Demonspawn Fighter)           Turns: 2261, Time: 00:04:11

Health: 0/37       AC:  6    Str: 17    XL:     4   Next: 71%
Magic:  4/4        EV: 14    Int:  9    God:
Gold:   141        SH:  5    Dex: 14    Spells: 3/3 levels left

rFire   . . .        a - +0 war axe
rCold   . . .        c - +0 buckler
rNeg    . . .        b - +0 scale mail
rPois   .            (no helmet)
rElec   .            (no cloak)
rCorr   .            (no gloves)
SInv    .            (no boots)
Will    +....        (no amulet) Stlth
                     h - +5 ring of evasion
HPRegen 0.26/turn    q - ring of willpower
MPRegen 0.09/turn

%: no passive effects
@: no status effects
A: demonic magic 1, weakness stinger 1
a: no special abilities


You were on level 3 of the Dungeon.
You visited 1 branch of the dungeon, and saw 3 of its levels.

You collected 141 gold pieces.

Inventory:

Hand Weapons
 a - a +0 war axe (weapon)
 d - a +0 spear of venom
Missiles
 l - 3 javelins
 s - a throwing net (quivered)
Armour
 b - a +0 scale mail (worn)
 c - a +0 buckler (worn)
Jewellery
 h - a +5 ring of evasion (left hand)
 n - an amulet of faith
 q - a ring of willpower (right hand)
Scrolls
 f - 2 scrolls of enchant armour {unknown}
 g - a scroll of summoning {unknown}
 j - a scroll of fear {unknown}
 m - a scroll of silence {unknown}
 o - 2 scrolls of fog {unknown}
 p - a scroll of torment {unknown}
Potions
 e - 2 potions of flight {unknown}
 i - a potion of ambrosia {unknown}
 k - 2 potions of curing {unknown}
 r - a potion of invisibility {unknown}


   Skills:
 + Level 3.7 Fighting
 + Level 2.7 Axes
 + Level 3.4 Armour
 + Level 3.4 Shields


You had 3 spell levels left.
You didn't know any spells.
Your spell library was empty.

Dungeon Overview and Level Annotations

Branches:
Dungeon (3/15)

Altars:

Annotations:
D:3 1 transporter


Innate Abilities, Weirdness & Mutations

Spells you cast may paralyse adjacent enemies.
You have a small tail.


Message History

You kill the gnoll!
The gnoll throws a throwing net.
The throwing net barely misses you. The gnoll closely misses you.
The gnoll hits you but does no damage.
You slash the gnoll!
The gnoll is almost dead.
The gnoll hits you with a +0 spear of venom.
You are poisoned.
You hit the gnoll.
You kill the gnoll!
You feel very sick.
You feel very sick.
Things that are here:
a +0 spear of venom; a +0 whip; a gnoll corpse
d - a +0 spear of venom You feel sick.
You close the door.
You feel sick.
You start resting.
You feel sick.
You hear the rusting of a very distant drain.
You feel sick.
You feel sick.
You feel sick.
s - 2 throwing nets You feel sick.
There are no items here.
Unknown command.
You start resting.
You feel sick.
You are no longer poisoned.
You start resting.
You feel a little less mighty now.
You start resting.
A gnoll is nearby!
Throw: 2 throwing nets
Press: ? - help, Q - select action, (/) - cycle Shift-Dir - straight line, f - gnoll
Aim: a gnoll, wielding a +0 club and carrying a wand of mindburst (16) (wandering, hasn't noticed you, 63% to hit)
You throw a throwing net. The throwing net hits the gnoll.
The gnoll is caught in the net!
The gnoll shouts!
The gnoll zaps a wand.
Your mind is blasted!
You die...

# #............................#
###..≈≈≈≈≈≈≈≈≈≈≈≈~≈≈≈≈≈≈≈≈≈≈≈≈.#
.....≈≈≈≈≈≈≈≈≈≈≈≈~≈≈≈≈≈≈≈≈≈≈≈≈.#
##...≈≈#####...........#####≈≈.#
##...≈≈#.8.#.###.©.###.#.8.#≈≈.#
#....≈≈#...###©#####g###.gg#≈≈.#
..#..≈≈###.....g.........###≈≈.#
###..≈≈.8# ##'###)######.#8.≈≈.#
#..≈≈.##.#P..#@.8# .$#.##.≈≈.#
#..~~.#..'.....©⌠# $+.g#.~~.#
#..≈≈.##.#P..#).8# $#.##.≈≈.#
#..≈≈.8#.##'###+######.#8.≈≈.##
#..≈≈###...........gg..###≈≈..#
#..≈≈#...###.#####.###...#≈≈..#
#..≈≈#.8.#.###.©.###.#.8g#≈≈..#
##.≈≈#####...........#####≈≈..#
#.≈≈≈≈≈≈≈≈≈≈≈...≈≈≈≈≈≈≈≈≈≈≈..#


You could see a gnoll (caught).

Vanquished Creatures
  3 gnolls (D:3)
  2 adders
  3 worms (D:2)
  A dart slug (D:1)
  4 endoplasms
  2 giant cockroaches
  2 goblins (D:1)
  2 hobgoblins (D:1)
  10 jackals
  2 ball pythons
  7 bats
  4 frilled lizards
  7 kobolds
  11 rats
60 creatures vanquished.

Notes
Turn   | Place    | Note
-------+----------+-------------------------------------------
     0 | D:1      | croobank the Demonspawn Fighter began the quest for the
                  | Orb.
     0 | D:1      | Reached XP level 1. HP: 18/18 MP: 1/1
    36 | D:1      | Gained mutation: You have a small tail. [demonic ancestry]
    36 | D:1      | Reached XP level 2. HP: 5/24 MP: 2/2
   518 | D:1      | Gained mutation: Spells you cast may paralyse adjacent
                  | enemies. [demonic ancestry]
   518 | D:1      | Reached XP level 3. HP: 29/29 MP: 3/3
  1496 | D:2      | Reached XP level 4. HP: 23/35 MP: 4/4
  2088 | D:3      | Found a transporter.
  2142 | D:3      | Found a transporter.
  2261 | D:3      | Blown up by a gnoll

Illustrated notes

Levels and vault maps discovered:
D:1:      mrwooster_arrival_statue, layout_rooms, serial_curves, eino_curves_02,
          eino_curves_03, minmay_rat_gold_closets
D:2:      layout_loops_ring, grunt_decor_clamped, minmay_crystal_room,
          chequers_serial_rivers_room_b
D:3:      layout_basic, dreamdust_divine_triumvirate,
          cheibrodos_sewer_entry_bend, gammafunk_ghost_gnarly_gnolls

Skill      XL: |  1  2 |
---------------+-------+-----
Axes           | 2 |  2.7
Armour         | 3 |  3.4
Shields        | 3 |  3.4
Fighting       | |  3.7

Action                     |  1- 3 |  4- 6 || total
---------------------------+-------+-------++-------
  Melee: War axe           |   120 |    20 ||   140
         Tailslap          |    13 |     4 ||    17
  Throw: Throwing net      |       |     1 ||     1
    Use: Potion            |       |     1 ||     1
 Armour: Scale mail        |    47 |     7 ||    54
  Dodge: Dodged            |    80 |    16 ||    96
  Block: Buckler           |    23 |     6 ||    29
